 Dungeon Crawl Stone Soup version 0.28-a0-1567-g1695149f81 (webtiles) character file.

Game seed: 7859950844670421293

67 freelancePsychic the Conjurer (level 4, -1/38 HPs)
             Began as a Naga Conjurer on Jan 19, 2022.
             Slain by a gnoll (6 damage)
             ... on level 2 of the Dungeon.
             The game lasted 00:02:40 (1878 turns).

freelancePsychic the Conjurer (Naga Conjurer)       Turns: 1878, Time: 00:02:40

Health: -1/38      AC:  2    Str:  9    XL:     4   Next: 16%
Magic:  0/7        EV:  5    Int: 21    God:
Gold:   110        SH:  0    Dex:  9    Spells: 5/8 levels left

rFire   . . .      SeeInvis +   e - +2 spear (vorpal)
rCold   . . .      Faith    .   (no shield)
rNeg    . . .      Spirit   .   a - +0 robe
rPois   +          Reflect  .   (no helmet)
rElec   .          Harm     .   (no cloak)
rCorr   .          Rampage  .   (no gloves)
Will    .....                   (no barding)
Stlth   ++........              (no amulet)
HPRegen 0.12/turn               (no ring)
MPRegen 0.10/turn               (no ring)

@: brilliant, held, very slow
A: AC +1, large, see invisible, deformed body, poison resistance, slowness 2,
spit poison 1, naga tail 1
a: Spit Poison


You were on level 2 of the Dungeon.
You visited 1 branch of the dungeon, and saw 2 of its levels.

You collected 110 gold pieces.

Inventory:

Hand Weapons
 e - a +2 vorpal spear (weapon)
Armour
 a - a +0 robe (worn)
Scrolls
 b - a scroll of silence {unknown}
 c - a scroll of enchant weapon {unknown}
 d - a scroll of amnesia {unknown}
 h - a scroll of teleportation {unknown}


   Skills:
 + Level 1.6 Fighting
 - Level 1.5 Dodging
 + Level 4.2 Stealth
 + Level 2.6 Spellcasting
 + Level 4.4 Conjurations


You had 5 spell levels left.
You knew the following spells:

 Your Spells              Type           Power      Damage    Failure   Level
a - Magic Dart            Conj           100%       1d8       2%          1
b - Searing Ray           Conj           64%        2d6       3%          2

Your spell library contained the following spells:

 Spells                   Type           Power      Damage    Failure   Level
 Sandblast                Erth           8%         2d5       14%         1
 Dazzling Flash           Conj/Hex       36%        N/A       17%         3
 Stone Arrow              Conj/Erth      36%        3d9       17%         3
 Passwall                 Tmut/Erth      3%         N/A       22%         2
 Inner Flame              Hex/Fire       4%         N/A       38%         3
 Fulminant Prism          Conj/Hex       9%         3d7       50%         4
 Iskenderun's Mystic Bla  Conj/Tloc      18%        2d6       50%         4
 Cause Fear               Hex            2%         N/A       80%         4
 Discord                  Hex            2%         N/A       100%        8


Dungeon Overview and Level Annotations

Branches:
Dungeon (2/15)

Altars:


Innate Abilities, Weirdness & Mutations

Your serpentine skin is tough. (AC +1)
You have supernaturally acute eyesight. (SInv)
Armour fits poorly on your strangely shaped body.
Your system is resistant to poisons. (rPois)
You cover ground very slowly.
You can spit poison.
You have a snake-like lower body.


Message History

Aim: a gnoll, wielding a +0 whip (81% to hit)
The searing ray misses the gnoll.
The searing ray misses the frilled lizard.
The searing ray hits the gnoll.
The gnoll is lightly wounded. (Press . to maintain the ray.)
The gnoll closely misses you.
The searing ray hits the gnoll!
The gnoll is severely wounded.
The searing ray hits the frilled lizard!
You kill the frilled lizard!
The searing ray hits the gnoll.
The gnoll is heavily wounded.
The gnoll hits you from afar with a +0 halberd!
* * * LOW HITPOINT WARNING * * *
The searing ray misses the gnoll.
The searing ray hits the gnoll.
The gnoll is moderately wounded.
The searing ray misses the gnoll.
The gnoll misses you.
The searing ray hits the gnoll!
You kill the gnoll!
The searing ray hits the gnoll.
The gnoll is heavily wounded.
The searing ray hits the gnoll.
The gnoll is almost dead.
You finish channelling your searing ray.
The gnoll throws a throwing net.
The throwing net hits you.
You become entangled in the net!
You have reached level 4!
You feel clever.
It was a potion of brilliance.
You feel clever all of a sudden.
It was a potion of curing.
You feel better.
You struggle against the net.
The gnoll hits you with a +0 club!
* * * LOW HITPOINT WARNING * * *
You struggle against the net.
The gnoll hits you with a +0 club.
* * * LOW HITPOINT WARNING * * *
You struggle against the net.
The gnoll hits you with a +0 club.
* * * LOW HITPOINT WARNING * * *
You struggle against the net.
The gnoll hits you with a +0 club.
You die...

.#.......###...##.#..##.######.##
#.##.##........##.......# ##.##
#.##.#########.####..#### #...#
.....# #######.####..# #...#
#.#### ..........##..# #.... #.#
.......)#.##..# #####...# #.#
...g...l#g##..####........ #.#
.....g..#g##........<..... #.#
.......##@##...###........ #.#
..........##...# #####...# #.#
.......#####.### ##.... #.#
####### #.###### #..... #.##
#......# #....# ..#
#..###.###.#.## #.#
#########..#.........##
#.########..............###.####
#..>....##.#######..#.#.# #.####


You could see 2 gnolls.

Vanquished Creatures
  A gnoll (D:2)
  2 adders (D:2)
  2 worms (D:2)
  A dart slug (D:1)
  2 endoplasms
  A giant cockroach (D:2)
  4 goblins
  A hobgoblin (D:1)
  2 quokkas (D:2)
  2 ball pythons
  6 bats
  4 frilled lizards
  2 kobolds
  4 rats
34 creatures vanquished.

Notes
Turn   | Place    | Note
-------+----------+-------------------------------------------
     0 | D:1      | freelancePsychic the Naga Conjurer began the quest for the
                  | Orb.
     0 | D:1      | Reached XP level 1. HP: 15/15 MP: 3/3
    72 | D:1      | Found a faded altar of an unknown god.
   636 | D:1      | Reached XP level 2. HP: 24/24 MP: 0/5
   698 | D:1      | Learned a level 2 spell: Searing Ray
  1116 | D:2      | Reached skill level 1 in Fighting
  1320 | D:2      | Reached XP level 3. HP: 31/31 MP: 1/6
  1873 | D:2      | Reached XP level 4. HP: 9/38 MP: 0/7
  1878 | D:2      | Slain by a gnoll

Illustrated notes

Levels and vault maps discovered:
D:1:      amcnicky_arrival_feature_with_door, layout_basic,
          hellmonk_ecumenical_altar_crossroads
D:2:      layout_loops_cross, basic_altar, minmay_fractal_squares_gapless_5

Skill      XL: |  1  2  3 |
---------------+----------+-----
Fighting       | 1 |  1.6
Stealth        | 4 |  4.2
Dodging        | |  1.5
Spellcasting   | |  2.6
Conjurations   | |  4.4

Action                   |  1- 3 |  4- 6 || total
-------------------------+-------+-------++-------
Melee: Unarmed           |     4 |       ||     4
       Spear             |     9 |       ||     9
 Cast: Magic Dart        |    19 |       ||    19
       Searing Ray       |    18 |       ||    18
 Abil: Spit Poison       |     2 |       ||     2
  Use: Potion            |       |     2 ||     2
Armor: Robe              |    12 |       ||    12
Dodge: Dodged            |    23 |       ||    23

Table legend: (Time is in decaauts)
 A = Elapsed time spent in this place.
 B = Non-inter-level travel time spent in this place.
 C = Inter-level travel time spent in this place.
 D = Time resting spent in this place.
 E = Time spent auto-exploring this place.
 F = Levels seen in this place.
 G = Mean time per level.
                   A        B        C        D        E       F      G
               +--------+--------+--------+--------+--------+-----+--------+
         Total |   2236 |   2205 |     31 |    361 |   1578 |   2 | 1118.0 |
       Dungeon |   2236 |   2205 |     31 |    361 |   1578 |   2 | 1118.0 |
               +--------+--------+--------+--------+--------+-----+--------+

Top non-repeatable levels by time:
     D:1: 1232 daAuts
     D:2: 1003 daAuts
